 Dungeon Crawl Stone Soup version 0.21-a0-633-g4c047d5 (webtiles) character file.

567 shenanigans the Skirmisher (level 7, -9/56 HPs)
             Began as a Barachi Skald on Dec 28, 2017.
             Was an Initiate of Cheibriados.
             Mangled by an ogre
             ... wielding a +0 giant club
              (10 damage)
             ... on level 5 of the Dungeon.
             The game lasted 00:16:40 (7084 turns).

shenanigans the Skirmisher (Barachi Skald)          Turns: 7084, Time: 00:16:40

Health: -9/56      AC: 11    Str: 13    XL:     7   Next: 33%
Magic:  10/10      EV:  2    Int: 16    God:    Cheibriados [......]
Gold:   289        SH: 10    Dex: 13    Spells: 9/10 levels left

rFire    . . .     SeeInvis .   a - +0 hand axe
rCold    . . .     Gourm    .   y - +0 large shield
rNeg     . . .     Faith    .   q - +0 chain mail {MR+}
rPois    .         Spirit   .   v - +1 helmet
rElec    .         Reflect  .   (no cloak)
rCorr    .         Harm     .   (no gloves)
MR       +....                  (no boots)
Stlth    ..........             (no amulet)
HPRegen  0.18/turn              (no ring)
MPRegen  0.12/turn              (no ring)

@: can't hop, very slow
A: +LOS, swims, slowness 1, strong legs 1
a: Hop, Bend Time, Renounce Religion


You were on level 5 of the Dungeon.
You worshipped Cheibriados.
Cheibriados was noncommittal.
You were very hungry.

You visited 1 branch of the dungeon, and saw 5 of its levels.

You collected 289 gold pieces.

Inventory:

Hand Weapons
 a - a +0 hand axe (weapon)
Missiles
 s - 3 tomahawks (quivered)
Armour
 b - a +0 leather armour
 i - a +0 ring mail
 n - a +0 helmet
 q - a +0 chain mail of magic resistance (worn)
 v - a +1 helmet (worn)
 y - a +0 large shield (worn)
Jewellery
 o - an uncursed ring of poison resistance {unknown}
Wands
 m - a wand of digging (3)
Scrolls
 e - a scroll of remove curse {unknown}
 f - 2 scrolls of enchant armour {unknown}
 l - 2 scrolls of random uselessness {unknown}
 u - a scroll of teleportation {unknown}
 w - a scroll of amnesia {unknown}
Potions
 g - 2 potions of haste
 j - a potion of berserk rage
 k - 2 potions of flight
Books
 c - a book of Battle

   Spells                             Type                      Level
   a - Infusion                       Charms                       1
   b - Shroud of Golubria             Charms/Translocation         2
   c - Song of Slaying                Charms                       2
   d - Spectral Weapon                Hexes/Charms                 3
   e - Regeneration                   Charms/Necromancy            3
 r - a book of Callings

   Spells                             Type                      Level
   a - Summon Small Mammal            Summoning                    1
   b - Call Imp                       Summoning                    2
   c - Call Canine Familiar           Summoning                    3
   d - Summon Guardian Golem          Hexes/Summoning              3
   e - Summon Lightning Spire         Summoning/Air                4
   f - Summon Ice Beast               Ice/Summoning                4
Comestibles
 d - 7 rations


   Skills:
 + Level 5.0 Fighting
 + Level 4.4 Axes
 + Level 4.4 Armour
 + Level 4.5 Dodging
 * Level 0.2 Shields
 - Level 2.1 Spellcasting
 - Level 3.2 Charms
 * Level 1.3 Invocations


You had 9 spell levels left.
You knew the following spells:

 Your Spells              Type           Power        Failure   Level  Hunger
a - Infusion              Chrm           ##..         100%        1    #......


Dungeon Overview and Level Annotations

Branches:
Dungeon (5/15)
 Temple: D:4-7

Altars:
Ashenzari
Cheibriados
Dithmenos
Gozag
Kikubaaqudgha
Makhleb
Trog
Vehumet
The Shining One

Annotations:
D:2 Sigmund
D:5 xfalz's ghost, novice TrTm


Innate Abilities, Weirdness & Mutations

Shadows flee at your approach. (+LOS)
You can swim through water.
You cover ground slowly.
You can hop short distances.


Message History

You feel agile all of a sudden.
It was a potion of ambrosia.
You are confused.
You feel invigorated. The ogre hits you with a giant club!
* * * LOW HITPOINT WARNING * * *
You bump into the rock wall.
The ogre barely misses you.
It was a potion of cancellation.
Your magical effects are unravelling.
You feel magically purged.
You feel less invigorated.
You feel less confused.
You feel a little less clever now.
You feel a little less agile now. The ogre hits you with a giant club!
* * * LOW HITPOINT WARNING * * *
Your shield prevents you from hitting the ogre.
The ogre is moderately wounded.
You block the ogre's attack.
You hit the ogre but do no damage.
The ogre is moderately wounded.
The ogre hits you with a giant club!
You die...

..>..........(.#
########...###....#
###...#######.#
#...........##
#.#...........
#.##..#####(############
# #..# #.##..........
#..#####.##)#########
#..O@.......# #.#
#.######.#..####.#.# #(#
#........# #.# #
#.######<.###..# #.
#.##...O.....# #.## ##
#............###..## ##.
############.)...#.###..
###.####.#.## #.# ##.##


You could see an ogre.

Vanquished Creatures
  A phantom (D:5)
  A water moccasin skeleton (D:4)
  A bullfrog zombie (D:4)
  2 orc priests (D:3)
  2 orc wizards
  Terence (D:2)
  3 worker ants
  A hound skeleton (D:5)
  Robin (D:2)
  3 adders (D:2)
  2 adder skeletons
  4 worms
  3 dart slugs
  5 leopard geckos
  11 orcs
  7 bats
  6 giant cockroaches
  14 goblins
  11 hobgoblins
  10 jackals
  4 quokkas
  2 ball pythons
  4 frilled lizards
  4 kobolds
  6 rats
109 creatures vanquished.

Notes
Turn   | Place    | Note
-------+----------+-------------------------------------------
     0 | D:1      | shenanigans the Barachi Skald began the quest for the Orb.
     0 | D:1      | Reached XP level 1. HP: 17/17 MP: 3/3
   173 | D:1      | Reached XP level 2. HP: 13/23 MP: 5/5
   825 | D:1      | Reached XP level 3. HP: 26/28 MP: 6/6
   836 | D:1      | Reached skill level 3 in Fighting
  1474 | D:2      | Noticed Robin
  1841 | D:2      | Reached XP level 4. HP: 35/35 MP: 4/7
  1851 | D:2      | Killed Robin
  2268 | D:2      | Noticed Sigmund
  3152 | D:2      | Noticed Terence
  3172 | D:2      | Killed Terence
  3172 | D:2      | Reached XP level 5. HP: 34/42 MP: 5/8
  3525 | D:3      | Reached skill level 4 in Fighting
  3881 | D:3      | Found an opulent altar of Gozag.
  4373 | D:3      | Reached XP level 6. HP: 36/48 MP: 9/9
  4729 | D:3      | Found a bloodstained altar of Trog.
  4730 | D:3      | Found a shadowy altar of Dithmenos.
  6459 | D:4      | Found an ancient bone altar of Kikubaaqudgha.
  6459 | D:4      | Found a burning altar of Makhleb.
  6459 | D:4      | Found a snail-covered altar of Cheibriados.
  6462 | D:4      | Found a radiant altar of Vehumet.
  6463 | D:4      | Found a shattered altar of Ashenzari.
  6464 | D:4      | Found a glowing golden altar of the Shining One.
  6486 | D:4      | Became a worshipper of Cheibriados the Contemplative
  6521 | D:5      | Entered Level 5 of the Dungeon
  6539 | D:4      | Reached XP level 7. HP: 41/55 MP: 10/10
  6698 | D:5      | Noticed xfalz's ghost (novice TrTm)
  6801 | D:5      | Reached skill level 1 in Invocations
  6926 | D:5      | Reached skill level 5 in Fighting
  7082 | D:5      | HP: 1/56 [ogre/giant club (15)]
  7084 | D:5      | Mangled by an ogre

Vault maps used:
D:1:      dpeg_arrival_water_temple_mockup, serial_curves, eino_curves_02,
          eino_curves_02, eino_curves_02, minmay_pentomino_s4
D:2:      uniq_terence, uniq_robin, uniq_sigmund
D:3:      gammafunk_temple_overflow_statue, overflow_temple_1_default
D:4:      minitemple, first_ration
D:5:      basic_altar, lemuel_tele_altar, uniq_pikel, uniq_ijyb

Skill      XL: |  1  2  3  4  5  6  7 |
---------------+----------------------+-----
Armour         | 2 3 4 |  4.4
Fighting       | 3 4 5 |  5.0
Axes           | 3 4 |  4.4
Dodging        | 3 4 |  4.5
Invocations    | 1 |  1.3
Shields        | |  0.2
Spellcasting   | |  2.1
Charms         | |  3.2

Action                   |  1- 3 |  4- 6 |  7- 9 || total
-------------------------+-------+-------+-------++-------
Melee: Hand axe          |   149 |   463 |    63 ||   675
Throw: Tomahawk          |       |       |     1 ||     1
 Cast: Infusion          |     3 |     2 |       ||     5
 Abil: Hop               |     1 |     2 |     1 ||     4
  Use: Potion            |       |     1 |     4 ||     5
       Scroll            |       |     1 |     2 ||     3
 Stab: Sleeping          |     1 |       |       ||     1
  Eat: Chunk             |     4 |     9 |     2 ||    15
       Ration            |       |     2 |       ||     2
Armor: Leather armour    |    18 |       |       ||    18
       Ring mail         |    33 |    32 |       ||    65
       Chain mail        |       |   246 |    21 ||   267
Dodge: Dodged            |   119 |   179 |    11 ||   309
Block: Large shield      |       |       |    18 ||    18

Table legend:
 A = Spawn XP
 B = Non-spawn XP
 C = Spawn XP percentage of total XP
 D = Spawn monster count
 E = Non-spawn monster count
 F = Spawn count percentage of total count
 G = Total turns spent on level
                    A         B        C        D         E        F      G
               +---------+---------+-------+---------+---------+-------+---------
         Total |       0 |     811 |   0.0 |       0 |     109 |   0.0 |  7084
               +---------+---------+-------+---------+---------+-------+---------
           D:1 |       0 |      46 |   0.0 |       0 |      27 |   0.0 |  1856
           D:2 |       0 |     204 |   0.0 |       0 |      38 |   0.0 |  2094
           D:3 |       0 |     130 |   0.0 |       0 |      24 |   0.0 |  1002
           D:4 |       0 |     250 |   0.0 |       0 |      15 |   0.0 |  1813
           D:5 |       0 |     181 |   0.0 |       0 |       5 |   0.0 |   319
               +---------+---------+-------+---------+---------+-------+---------
